 Dungeon Crawl Stone Soup version 0.28.0-45-g0d030f2227 (webtiles) character file.

Game seed: 13281794341362253086

136 Ablot the Cutter (level 5, -3/47 HPs)
             Began as a Gnoll Chaos Knight on Apr 13, 2022.
             Was a Plaything of Xom.
             Slain by a gnoll
             ... wielding a +0 flail
              (8 damage)
             ... on level 2 of the Dungeon.
             The game lasted 00:01:28 (1135 turns).

Ablot the Cutter (Gnoll Chaos Knight)               Turns: 1135, Time: 00:01:29

Health: -3/47      AC:  5    Str: 13    XL:     5   Next: 19%
Magic:  7/7        EV: 12    Int: 12    God:    Xom [..*...]
Gold:   33         SH:  0    Dex: 11    Spells: 6/6 levels left

rFire   . . .      SeeInvis .   a - +0 short sword (chaos)
rCold   . . .      Faith    .   (no shield)
rNeg    . . .      Spirit   .   b - +2 leather armour
rPois   .          Reflect  .   (no helmet)
rElec   .          Harm     .   (no cloak)
rCorr   .          Rampage  .   (no gloves)
Will    .....                   (no boots)
Stlth   +.........              (no amulet)
HPRegen 0.15/turn               (no ring)
MPRegen 0.10/turn               (no ring)

@: no status effects
A: fangs 1, strong nose, distributed training
a: Renounce Religion


You were on level 2 of the Dungeon.
You worshipped Xom.
You were a toy of Xom.
You visited 1 branch of the dungeon, and saw 2 of its levels.

You collected 33 gold pieces.

Inventory:

Hand Weapons
 a - a +0 short sword of chaos (weapon)
Missiles
 c - 21 stones (quivered)
Armour
 b - a +2 leather armour (worn)
Scrolls
 e - a scroll of identify {unknown}
 f - a scroll of noise {unknown}
Potions
 d - a potion of invisibility {unknown}
 g - a potion of curing {unknown}
 h - a potion of lignification {unknown}


   Skills:
 + Level 6.6 Fighting
 + Level 6.6 Short Blades
 + Level 1.4 Long Blades
 + Level 1.4 Axes
 + Level 1.4 Maces & Flails
 + Level 1.4 Polearms
 + Level 1.4 Staves
 + Level 1.4 Slings
 + Level 1.4 Bows
 + Level 1.4 Crossbows
 + Level 1.4 Throwing
 + Level 4.7 Armour
 + Level 2.9 Dodging
 + Level 1.4 Stealth
 + Level 1.4 Shields
 + Level 1.4 Unarmed Combat
 + Level 1.4 Spellcasting
 + Level 1.1 Conjurations
 + Level 1.1 Hexes
 + Level 1.1 Summonings
 + Level 1.1 Necromancy
 + Level 1.1 Translocations
 + Level 1.1 Transmutations
 + Level 1.1 Fire Magic
 + Level 1.1 Ice Magic
 + Level 1.1 Air Magic
 + Level 1.1 Earth Magic
 + Level 1.1 Poison Magic
 + Level 1.5 Invocations
 + Level 1.4 Evocations


You had 6 spell levels left.
You didn't know any spells.
Your spell library was empty.

Dungeon Overview and Level Annotations

Branches:
Dungeon (2/15)

Altars:


Innate Abilities, Weirdness & Mutations

You have very sharp teeth.
Your uncanny sense of smell can sniff out nearby items.
Your experience applies equally to all skills.


Message History

You barely miss the gnoll.
The gnoll is moderately wounded.
The gnoll hits you with a +0 flail!
You hit the gnoll but do no damage.
The gnoll is moderately wounded.
The gnoll barely misses you.
You hit the gnoll but do no damage.
The gnoll suddenly seems more agile.
The gnoll is moderately wounded.
The gnoll barely misses you.
You hit the gnoll but do no damage. You drain the gnoll.
Your bite misses the gnoll.
The gnoll is heavily wounded.
The gnoll hits you from afar with a +0 spear.
You barely miss the gnoll. Your bite misses the gnoll.
The gnoll barely misses you.
You hit the gnoll but do no damage. You bite the gnoll.
The gnoll is lightly wounded.
The gnoll hits you from afar with a +0 spear.
The gnoll hits you with a +0 club.
You hit the gnoll.
The gnoll is heavily wounded.
The gnoll misses you.
You hit the gnoll.
Space warps horribly around the gnoll!!
You kill the gnoll!
You hit the gnoll but do no damage. The gnoll barely misses you.
The gnoll hits you with a +0 flail.
You hit the gnoll but do no damage.
The gnoll resists with some effort.
Xom titters.
The gnoll looks rather confused. x3
You are now a toy of Xom.
The gnoll seems less confused.
The gnoll hits you from afar with a +0 spear.
The gnoll hits you with a +0 flail!
* * * LOW HITPOINT WARNING * * *
The gnoll closely misses the gnoll.
The gnoll closely misses you.
You hit the gnoll but do no damage.
The gnoll is poisoned.
The gnoll hits you from afar with a +0 spear.
* * * LOW HITPOINT WARNING * * *
The gnoll hits you with a +0 flail!
You die...

#<#.....#.##
#.....###.#.##
###.#.# #....#
#.#.###.#.##
###.#.....#.## ∆
........#...#
#.##.##....##
...###.##.##)#.##
......gg@....#.#
∆
g..###g##.##.#.#
#. #.##.#.# #.
........
####.####.# #.#
#.# #.# # #.#


You could see 3 gnolls.

Vanquished Creatures
  A black bear (shapeshifter) (D:1)
  A gnoll (D:2)
  2 dart slugs (D:1)
  A ball python (D:1)
  2 bats
  5 endoplasms (D:1)
  4 goblins
  4 hobgoblins (D:1)
  A frilled lizard (D:1)
  5 kobolds (D:1)
  3 rats (D:1)
29 creatures vanquished.

Notes
Turn   | Place    | Note
-------+----------+-------------------------------------------
     0 | D:1      | Ablot the Gnoll Chaos Knight began the quest for the Orb.
     0 | D:1      | Reached XP level 1. HP: 23/23 MP: 1/1
     8 | D:1      | XOM: divination: detect items
   112 | D:1      | XOM: potion effect (haste)
   121 | D:1      | Reached XP level 2. HP: 26/29 MP: 2/2
   307 | D:1      | XOM: divination: magic mapping
   504 | D:1      | XOM: divination: detect items
   521 | D:1      | Reached XP level 3. HP: 35/35 MP: 3/3
   536 | D:1      | XOM: 10-stop teleportation journey
   772 | D:1      | Noticed a shapeshifter
   772 | D:1      | a bat changed into a shapeshifter
   773 | D:1      | Noticed a black bear
   773 | D:1      | a shapeshifter changed into a black bear
   781 | D:1      | Noticed a warg
   781 | D:1      | a black bear changed into a warg
   782 | D:1      | Noticed a water moccasin
   782 | D:1      | a warg changed into a water moccasin
   783 | D:1      | XOM: cleaving
   784 | D:1      | Noticed a black bear
   784 | D:1      | a water moccasin changed into a black bear
   799 | D:1      | Killed a black bear
   800 | D:1      | Reached skill level 1 in Long Blades
   800 | D:1      | Reached skill level 1 in Axes
   800 | D:1      | Reached skill level 1 in Maces & Flails
   800 | D:1      | Reached skill level 1 in Polearms
   800 | D:1      | Reached skill level 1 in Staves
   800 | D:1      | Reached skill level 1 in Slings
   800 | D:1      | Reached skill level 1 in Bows
   800 | D:1      | Reached skill level 1 in Crossbows
   800 | D:1      | Reached skill level 1 in Throwing
   800 | D:1      | Reached skill level 1 in Stealth
   800 | D:1      | Reached skill level 1 in Shields
   800 | D:1      | Reached skill level 1 in Unarmed Combat
   800 | D:1      | Reached skill level 1 in Spellcasting
   800 | D:1      | Reached skill level 1 in Conjurations
   800 | D:1      | Reached skill level 1 in Hexes
   800 | D:1      | Reached skill level 1 in Summonings
   800 | D:1      | Reached skill level 1 in Necromancy
   800 | D:1      | Reached skill level 1 in Translocations
   800 | D:1      | Reached skill level 1 in Transmutations
   800 | D:1      | Reached skill level 1 in Fire Magic
   800 | D:1      | Reached skill level 1 in Ice Magic
   800 | D:1      | Reached skill level 1 in Air Magic
   800 | D:1      | Reached skill level 1 in Earth Magic
   800 | D:1      | Reached skill level 1 in Poison Magic
   800 | D:1      | Reached skill level 1 in Invocations
   800 | D:1      | Reached skill level 1 in Evocations
   800 | D:1      | Reached XP level 4. HP: 17/41 MP: 3/6
   800 | D:1      | Reached XP level 5. HP: 20/47 MP: 3/7
   832 | D:1      | Found a faded altar of an unknown god.
  1132 | D:2      | XOM: confuse monster(s)
  1135 | D:2      | Slain by a gnoll

Illustrated notes

Levels and vault maps discovered:
D:1:      dpeg_arrival_yet_another_circle, layout_basic,
          hellmonk_ecumenical_altar_lost_god
D:2:      layout_loops_ring, grunt_decor_cap, minmay_misc_feat_cross,
          minivault_14, serial_bayou_crossing, uniq_crazy_yiuf_cottage

Skill      XL: |  1  2  3 |
---------------+----------+-----
Long Blades    | 1 |  1.4
Axes           | 1 |  1.4
Maces & Flails | 1 |  1.4
Polearms       | 1 |  1.4
Staves         | 1 |  1.4
Slings         | 1 |  1.4
Bows           | 1 |  1.4
Crossbows      | 1 |  1.4
Throwing       | 1 |  1.4
Stealth        | 1 |  1.4
Shields        | 1 |  1.4
Unarmed Combat | 1 |  1.4
Spellcasting   | 1 |  1.4
Conjurations   | 1 |  1.1
Hexes          | 1 |  1.1
Summonings     | 1 |  1.1
Necromancy     | 1 |  1.1
Translocations | 1 |  1.1
Transmutations | 1 |  1.1
Fire Magic     | 1 |  1.1
Ice Magic      | 1 |  1.1
Air Magic      | 1 |  1.1
Earth Magic    | 1 |  1.1
Poison Magic   | 1 |  1.1
Invocations    | 1 |  1.5
Evocations     | 1 |  1.4
Fighting       | |  6.6
Short Blades   | |  6.6
Armour         | |  4.7
Dodging        | |  2.9

Action                   |  1- 3 |  4- 6 || total
-------------------------+-------+-------++-------
Melee: Short sword       |    90 |    31 ||   121
       Punch             |     1 |     1 ||     2
       Bite              |     4 |     6 ||    10
Throw: Stone             |     2 |       ||     2
Armor: Leather armour    |    32 |     5 ||    37
Dodge: Dodged            |    68 |    15 ||    83
